 Dungeon Crawl Stone Soup version 0.19-a0-1899-g2d93087 (webtiles) character file.

1299 Amnesiac the Ruffian (level 8, -5/79 HPs)
             Began as a Troll Monk on Oct 19, 2016.
             Was a Priest of Cheibriados.
             Slain by Nattefrost's ghost (12 damage)
             ... on level 9 of the Dungeon.
             The game lasted 00:04:11 (1141 turns).

Amnesiac the Ruffian (Troll Monk)                   Turns: 1141, Time: 00:04:12

Health: -5/79      AC:  6    Str: 28    XL:     8   Next: 31%
Magic:  7/7        EV: 13    Int: 14    God:    Cheibriados [***...]
Gold:   129        SH:  0    Dex: 22    Spells: 0 memorised, 7 levels left

rFire  . . .     SeeInvis .       - Unarmed
rCold  . . .     Gourm    +     a - +1 robe
rNeg   . . .     Faith    .     (no shield)
rPois  .         Spirit   .     (helmet restricted)
rElec  .         Reflect  .     (no cloak)
rCorr  +         Harm     .     (gloves unavailable)
MR     .....                    (boots unavailable)
Stlth  ++........               (no amulet)
                                (no ring)
                                i - ring of resist corrosion

@: very slow
A: unfitting armour, claws 3, fast metabolism 3, gourmand, regeneration 1,
shaggy fur 1, tough skin 2
a: Bend Time, Temporal Distortion, Renounce Religion


You were on level 9 of the Dungeon.
You worshipped Cheibriados.
Cheibriados was most pleased with you.
You were completely stuffed.

You visited 1 branch of the dungeon, and saw 9 of its levels.

You collected 129 gold pieces.

Inventory:

Missiles
 m - 3 large rocks (quivered)
Armour
 a - a +1 robe (worn)
Jewellery
 i - a ring of resist corrosion (left claw)
Wands
 n - a wand of digging (17/24)
Scrolls
 e - a scroll of identify
 h - a scroll of remove curse
Potions
 c - a potion of haste {unknown}
 d - a potion of might {unknown}
 g - 2 potions of flight {unknown}
 q - a potion of heal wounds {unknown}
Books
 l - a book of Air

   Spells                             Type                      Level
   a - Shock                          Conjuration/Air              1
   b - Swiftness                      Charms/Air                   2
   c - Repel Missiles                 Charms/Air                   2
   d - Static Discharge               Conjuration/Air              3
   e - Lightning Bolt                 Conjuration/Air              5
Comestibles
 b - 4 bread rations
 f - 3 slices of pizza
 k - 3 meat rations
 p - 8 chunks of flesh


   Skills:
 + Level 4.6 Fighting
 + Level 2.9 Throwing
 + Level 4.4 Dodging
 + Level 1.1 Stealth
 * Level 7.4 Unarmed Combat


You had 7 spell levels left.
You didn't know any spells.

Dungeon Overview and Level Annotations

Branches:
Dungeon (9/15)
 Temple: D:4-7         Lair: D:8-11         Orc: D:9-12

Altars:
Cheibriados

Annotations:
D:9 Nattefrost's ghost, novice MiHu


Innate Abilities, Weirdness & Mutations

You are too large for most types of armour.
You have claws for hands.
Your metabolism is lightning-fast.
You like to eat raw meat.
Your natural rate of healing is unusually fast.
You are covered in fur. (AC +1)
You have very tough skin. (AC +2)


Message History

You mangle Nattefrost's ghost!!
Nattefrost's ghost is moderately damaged.
The shadow imp shouts, "Bolt, thou simpering sow-suckled tiler!"
Nattefrost's ghost hits you!
* * * LOW HITPOINT WARNING * * *
You mangle Nattefrost's ghost!!
Nattefrost's ghost is severely damaged.
Nattefrost's ghost hits you!
* * * LOW HITPOINT WARNING * * *
You closely miss Nattefrost's ghost.
Nattefrost's ghost is severely damaged.
A bullfrog comes into view.
You scratch Nattefrost's ghost.
Nattefrost's ghost is severely damaged.
Nattefrost's ghost hits you.
* * * LOW HITPOINT WARNING * * *
You scratch Nattefrost's ghost.
Nattefrost's ghost is severely damaged.
Nattefrost's ghost hits you!
You die...

.....###+###########
.....'.............#.....
.....#.............+....
.....#.............#...#
...###.............#...#
##.#...............#...#
.+.############....#...#
.#............####F#...#
.+..............@Wh....#
.#.............####''#.#
##....#######. #.....#.#
......# # ##....#.#
......# #....#O# ......#
#....#.h ......# #....#..
......# ######... ......#
....


You could see a bullfrog, a howler monkey and Nattefrost's ghost.

Vanquished Creatures
  A hungry ghost (D:7)
  An ice beast (D:5)
  2 ogres
  A centaur (D:7)
  Blork the orc (D:6)
  A bullfrog (D:6)
  A scorpion (D:4)
  A wyvern skeleton (D:9)
  2 howler monkeys
  A crimson imp (D:8)
  A hound (D:5)
  3 orc priests
  3 orc wizards
  3 iguanas
  3 worker ants
  A killer bee zombie (D:5)
  6 adders
  A shadow imp (D:5)
  An adder skeleton (D:9)
  2 worms
  A dart slug (D:3)
  A leopard gecko (D:2)
  7 orcs
  A goblin (D:3)
  2 hobgoblins (D:2)
  10 jackals
  2 kobolds (D:3)
  2 quokkas
  3 bats
  2 frilled lizards
  A quokka skeleton (D:4)
68 creatures vanquished.

Notes
Turn   | Place    | Note
-------+----------+-------------------------------------------
     0 | D:1      | Amnesiac the Troll Monk began the quest for the Orb.
     0 | D:1      | Reached XP level 1. HP: 22/22 MP: 0/0
   109 | D:2      | Reached XP level 2. HP: 29/29 MP: 1/1
   308 | D:3      | Reached XP level 3. HP: 33/36 MP: 2/2
   324 | D:3      | Found a snail-covered altar of Cheibriados.
   346 | D:3      | Became a worshipper of Cheibriados the Contemplative
   346 | D:3      | Reached * piety under Cheibriados
   346 | D:3      | Reached ** piety under Cheibriados
   443 | D:3      | Reached skill level 4 in Unarmed Combat
   445 | D:3      | Reached XP level 4. HP: 34/44 MP: 3/3
   514 | D:4      | Reached XP level 5. HP: 40/53 MP: 4/4
   579 | D:4      | Reached skill level 5 in Unarmed Combat
   593 | D:5      | Entered Level 5 of the Dungeon
   633 | D:5      | Reached XP level 6. HP: 57/61 MP: 5/5
   643 | D:5      | Noticed an ice beast
   651 | D:5      | Killed an ice beast
   738 | D:6      | Reached skill level 1 in Throwing
   755 | D:6      | Reached *** piety under Cheibriados
   755 | D:6      | Reached skill level 6 in Unarmed Combat
   755 | D:6      | Reached XP level 7. HP: 55/68 MP: 6/6
   757 | D:6      | Noticed Blork the orc
   776 | D:6      | Killed Blork the orc
   793 | D:7      | Noticed a hungry ghost
   798 | D:7      | Killed a hungry ghost
  1017 | D:8      | Noticed a wyvern
  1026 | D:8      | Reached skill level 7 in Unarmed Combat
  1026 | D:8      | Reached XP level 8. HP: 54/79 MP: 7/7
  1110 | D:9      | Noticed Nattefrost's ghost (novice MiHu)
  1141 | D:9      | Slain by Nattefrost's ghost

Vault maps used:
D:1:      minmay_arrival_jagged
D:2:      bloody_trog, uniq_crazy_yiuf_cottage
D:3:      kennysheep_slug_shrine, minmay_fountain_box
D:4:      first_bread
D:6:      nicolae_ru_the_path_less_chosen, uniq_sigmund, uniq_blork_the_orc,
          uniq_prince_ribbit1
D:7:      makhleb_grotto_becter
D:8:      gammafunk_temple_overflow_pools
D:9:      lemuel_round_altar

Skill      XL: |  1  2  3  4  5  6  7 |
---------------+----------------------+-----
Unarmed Combat | 4 5 6 7 |  7.4
Fighting       | 3 4 |  4.6
Dodging        | 3 4 |  4.4
Throwing       | 1 2 |  2.9
Stealth        | |  1.1

Action                   |  1- 3 |  4- 6 |  7- 9 || total
-------------------------+-------+-------+-------++-------
Melee: Unarmed           |    67 |    83 |    80 ||   230
       Punch             |     1 |     1 |     4 ||     6
Throw: Large rock        |       |     1 |       ||     1
  Use: Scroll            |       |       |     5 ||     5
 Stab: Sleeping          |       |     1 |     2 ||     3
       Distracted        |       |     1 |     1 ||     2
  Eat: Chunk             |     6 |     5 |     5 ||    16
Armor: Robe              |    32 |    21 |    16 ||    69
Dodge: Dodged            |    25 |    44 |    31 ||   100
